 Dungeon Crawl Stone Soup version 0.20-a0-556-g892c87b (webtiles) character file.

154 Ijustatesigmund the Sneak (level 5, 0/30 HPs)
             Began as a Kobold Assassin on Feb 6, 2017.
             Slain by a scorpion (4 damage)
             ... on level 3 of the Dungeon.
             The game lasted 00:04:19 (2179 turns).

Ijustatesigmund the Sneak (Kobold Assassin)         Turns: 2179, Time: 00:04:19

Health: 0/30       AC:  7    Str:  9    XL:     5   Next: 62%
Magic:  5/5        EV: 16    Int: 13    God:
Gold:   31         SH:  0    Dex: 16    Spells: 4/4 levels left

rFire    . . .     SeeInvis .   a - +3 dagger
rCold    . . .     Gourm    .   c - +0 robe
rNeg     . . .     Faith    .   (shield restricted)
rPois    .         Spirit   .   (no helmet)
rElec    .         Reflect  .   d - +1 cloak
rCorr    .         Harm     .   h - +2 pair of gloves
MR       .....                  (no boots)
Stlth    +++.......             (no amulet)
Regen    0.1/turn               (no ring)
                                i - ring of flight

@: lethally poisoned (0 -> -13)
A: carnivore 3
a: Evoke Flight


You were on level 3 of the Dungeon.
You were very full.

You visited 1 branch of the dungeon, and saw 3 of its levels.

You collected 31 gold pieces.

Inventory:

Hand Weapons
 a - a +3 dagger (weapon)
 b - a +0 blowgun
Missiles
 e - 8 poisoned needles
 f - 2 curare-tipped needles
Armour
 c - a +0 robe (worn)
 d - a +1 cloak (worn)
 h - a +2 pair of gloves (worn)
Jewellery
 i - a ring of flight (left hand)
Potions
 j - 2 potions of curing
 k - a potion of resistance {unknown}
 l - a potion of magic {unknown}
Books
 n - a book of Cantrips

   Spells                             Type                      Level
   a - Confusing Touch                Hexes                        1
   b - Animate Skeleton               Necromancy                   1
   c - Summon Small Mammal            Summoning                    1
   d - Apportation                    Translocation                1
Comestibles
 g - a meat ration


   Skills:
 + Level 2.1 Fighting
 - Level 4.5 Short Blades
 - Level 2.1 Throwing
 - Level 3.8 Dodging
 - Level 6.6 Stealth


You had 4 spell levels left.
You didn't know any spells.

Dungeon Overview and Level Annotations

Branches:
Dungeon (3/15)

Altars:
The Shining One


Innate Abilities, Weirdness & Mutations

You are small and have problems with some larger weapons.
You are carnivorous and can eat meat at any time.


Message History

The scorpion is severely wounded.
You hit the scorpion but do no damage.
The scorpion is severely wounded.
You feel sick. The scorpion misses you.
You barely miss the scorpion.
The scorpion is severely wounded.
The scorpion stings you!
You are lethally poisoned!
The scorpion poisons you!
You are too injured to fight recklessly!
You are too injured to fight recklessly!
You hit the scorpion.
The scorpion is almost dead.
You feel sick. The scorpion stings you.
* * * LOW HITPOINT WARNING * * *
You barely miss the scorpion.
The scorpion is almost dead.
* * * LOW HITPOINT WARNING * * *
You feel sick. The scorpion stings you.
You die...

.. ## #.# #. #.# #.
#.# ###s####.#
#...@.##.#
##.....##.##
#...^......#
#......##..#
#......##..#
#.##.####..###########
#. #..................
# #######.#..........
#.##########.


You could see a scorpion.

Vanquished Creatures
  Natasha (thrice) (D:2)
  3 adders (D:2)
  A dart slug (D:1)
  2 leopard geckos
  4 bats
  8 goblins
  7 hobgoblins
  12 kobolds
  2 quokkas (D:2)
  3 frilled lizards
  7 rats
52 creatures vanquished.

Notes
Turn   | Place    | Note
-------+----------+-------------------------------------------
     0 | D:1      | Ijustatesigmund the Kobold Assassin began the quest for the Orb.
     0 | D:1      | Reached XP level 1. HP: 12/12 MP: 1/1
   239 | D:1      | Reached XP level 2. HP: 17/17 MP: 2/2
   728 | D:1      | Reached XP level 3. HP: 21/21 MP: 3/3
  1203 | D:2      | Reached XP level 4. HP: 26/26 MP: 4/4
  1287 | D:2      | Reached skill level 6 in Stealth
  1499 | D:2      | Found a glowing golden altar of the Shining One.
  1550 | D:2      | Noticed Natasha
  1555 | D:2      | Killed Natasha
  1663 | D:2      | Reached XP level 5. HP: 23/30 MP: 5/5
  1675 | D:2      | Noticed Natasha
  1687 | D:2      | Killed Natasha
  2038 | D:2      | Noticed Natasha
  2050 | D:2      | Killed Natasha
  2179 | D:3      | Slain by a scorpion

Vault maps used:
D:1:      elethiomel_arrival_quiet, minmay_splitting_lines
D:2:      kennysheep_flooded_box, uniq_natasha
D:3:      kiku_gazebo_pond_becter, first_bread, portal_sewer_entry_f

Skill      XL: |  1  2  3  4 |
---------------+-------------+-----
Short Blades   | 3 4 |  4.5
Dodging        | 2 3 |  3.8
Stealth        | 6 |  6.6
Fighting       | |  2.1
Throwing       | |  2.1

Action                   |  1- 3 |  4- 6 || total
-------------------------+-------+-------++-------
Melee: Dagger            |    88 |    76 ||   164
  Use: Scroll            |     2 |     5 ||     7
 Stab: Sleeping          |    12 |     3 ||    15
  Eat: Chunk             |     1 |     9 ||    10
Armor: Robe              |    11 |     6 ||    17
Dodge: Dodged            |    56 |    43 ||    99
